Kings vs Predators
(R1)
Created - 12 octobre 2014 at 00:11
Goals
|
Kings |
1 |
2 |
0 |
3 |
Predators |
1 |
2 |
1 |
4 |
|
Shots
|
Kings |
5 |
9 |
1 |
15 |
Predators |
13 |
8 |
4 |
25 |
|
1st period
1. Kings , Chris Higgins 5 (Jonas Hoglund, Mike Cammalleri) at 13:40 (PP)
2. Predators , Alexander Ovechkin 8 (Ryan Mcdonagh, Robyn Regehr) at 15:40 (PP)
Penalties :
Chris Higgins (LAK) for Slashing (Minor) at 1:42, Paul Mara (Nas) for Slashing (Minor) at 13:38, Chris Higgins (LAK) for Roughing (Double Minor) at 15:28
2nd period
3. Predators , Alexander Ovechkin 9 (Josef Vasicek) at 0:42 (PP)
4. Kings , Henrik Zetterberg 7 (Anze Kopitar) at 3:18
5. Predators , Alexander Edler 2 (Alexander Ovechkin, Josef Vasicek) at 6:50 (PP)
6. Kings , Viktor Kozlov 1 (Adrian Aucoin, Jonas Hoglund) at 7:57
Penalties :
Henrik Zetterberg (LAK) for Goalie Interference (Minor) at 0:05, Cory Sarich (LAK) for Hooking (Minor) at 6:37, Patrick Kane (LAK) for Cross-checking (Minor) at 9:24, Georges Laraque (Nas) for Tripping (Minor) at 14:58
3rd period
7. Predators , Georges Laraque 5 (Ryan Mcdonagh) at 19:47
Penalties :
Henrik Zetterberg (LAK) for Cross-checking (Minor) at 0:22
Goalie Stats
Ondrej Pavelec (LAK), 21 saves from 25 shots - (0,840), L, 2-4-1, 60:00 minutes
Kari Lehtonen (Nas), 12 saves from 15 shots - (0,800), W, 5-1-1, 60:00 minutes
Players Stats for Kings
Player Name G A P +/- PIM S H SB GA TA FO MP PP MP PK MP
------------------------------------------------------------------------------------
Adrian Aucoin 0 1 1 1 0 1 3 0 2 1 0/0 23:08 1:17 6:02
Anze Kopitar 0 1 1 1 0 2 2 0 0 1 18/33 25:15 1:06 5:31
Chris Higgins 1 0 1 0 6 5 2 0 0 0 0/0 18:01 0:55 1:03
Cory Sarich 0 0 0 0 2 0 0 0 0 1 0/0 13:02 0:00 0:00
Eric Brewer 0 0 0 1 0 0 1 2 0 0 0/0 27:07 1:17 6:02
Henrik Zetterberg 1 0 1 1 4 1 2 0 0 0 0/0 23:59 1:06 3:50
Hnat Domenichelli 0 0 0 0 0 0 1 0 0 0 0/0 14:14 0:00 0:43
Jeff Schultz 0 0 0 0 0 1 1 2 0 0 0/0 19:56 0:44 2:56
Jonas Hoglund 0 2 2 0 0 2 0 0 0 0 0/0 15:55 0:55 0:00
Lubomir Visnovsky 0 0 0 0 0 0 3 0 1 1 0/0 19:45 0:44 2:56
Luke Schenn 0 0 0 0 0 0 0 0 0 0 0/0 5:01 0:00 0:00
Marc-Édouard Vlasic 0 0 0 0 0 0 0 0 0 0 0/0 13:08 0:00 0:00
Mike Cammalleri 0 1 1 0 0 1 0 0 0 0 6/12 19:18 0:55 3:04
Mikkel Boedker 0 0 0 0 0 0 0 0 0 0 0/0 0:00 0:00 0:00
Patrick Kane 0 0 0 -1 2 1 3 0 1 0 2/3 17:35 1:06 1:31
Ryan Malone 0 0 0 1 0 0 0 0 0 0 0/0 6:28 0:00 0:00
Sheldon Keefe 0 0 0 1 0 0 1 0 0 0 0/1 15:02 0:00 2:01
Viktor Kozlov 1 0 1 0 0 1 0 0 0 1 4/7 14:02 0:00 0:13
Players Stats for Predators
Player Name G A P +/- PIM S H SB GA TA FO MP PP MP PK MP
------------------------------------------------------------------------------------
Alexander Edler 1 0 1 -2 0 5 0 1 1 0 0/0 22:48 5:14 0:57
Alexander Ovechkin 2 1 3 -2 0 5 1 1 1 0 3/6 23:18 4:54 1:22
Alexander Steen 0 0 0 0 0 0 3 0 0 1 0/1 19:07 4:01 0:47
Andrew Ference 0 0 0 0 0 0 0 0 0 0 1/1 1:01 0:00 0:00
Andy Miele 0 0 0 1 0 2 2 0 1 1 4/8 17:20 0:00 1:09
Barret Jackman 0 0 0 0 0 0 1 0 0 0 0/0 10:54 0:00 0:00
Brad Boyes 0 0 0 -2 0 1 1 0 0 0 0/1 19:24 4:01 0:00
Danny Richmond 0 0 0 -2 0 2 0 0 0 0 0/0 21:56 5:14 0:57
Georges Laraque 1 0 1 1 2 1 1 1 1 1 0/0 16:15 0:03 0:02
Josef Vasicek 0 2 2 -2 0 2 0 0 1 0 15/27 22:00 4:54 0:26
Kent Huskins 0 0 0 0 0 0 0 0 0 0 0/0 8:03 0:00 0:00
Kris Vernarsky 0 0 0 0 0 1 1 0 0 0 3/6 18:44 4:01 0:00
Michael Grabner 0 0 0 0 0 1 2 0 0 0 0/3 21:01 4:54 0:00
Oleg Saprykin 0 0 0 1 0 1 2 1 0 1 0/3 16:42 0:03 0:16
Oliver Ekman-Larsson 0 0 0 0 0 1 0 0 0 0 0/0 10:47 0:00 0:00
Paul Mara 0 0 0 0 2 1 1 0 0 0 0/0 8:02 0:00 0:00
Robyn Regehr 0 1 1 1 0 1 0 0 0 0 0/0 19:28 3:44 1:04
Ryan Mcdonagh 0 2 2 1 0 1 0 0 0 0 0/0 21:07 3:47 1:04
3 Stars
1 - Alexander Ovechkin (Nas)
2 - Ryan Mcdonagh (Nas)
3 - Adrian Aucoin (LAK)
Power Play
Kings - 1 on 2 Attempt(s) - 50,00%
Predators - 3 on 7 Attempt(s) - 42,86%
Penalty Kill
Kings - 4 on 7 Attempt(s) - 57,14%
- Score 0 goal in Penalty Kill
Predators - 1 on 2 Attempt(s) - 50,00%
- Score 0 goal in Penalty Kill
Official
Referees : Hasenfratz Mike and Joannette Marc
Linesman : Lyle Seitz and Jay Sharrers
Game Notes
No Game Note
Finance
Level 1 -- Attendance: 4758 (79,30%) -- Ticket Income 428 220 $
Level 2 -- Attendance: 4058 (81,16%) -- Ticket Income 223 190 $
Level 3 -- Attendance: 1479 (73,95%) -- Ticket Income 54 723 $
Level 4 -- Attendance: 2775 (69,38%) -- Ticket Income 66 600 $
Luxury Box -- Attendance: 800 (80,00%) -- Ticket Income 153 600 $
Game was played at the Wildcat center
Total Attendance: 13870 (77,06%)
Total Ticket Income: 926 333 $
Other Income: 138 950 $
Total Income: 1 065 283 $
Kings
5 vs 5 Forward
Center Left Wing Right Wing Time % Phy DF OF
1 Anze Kopitar Henrik Zetterberg Patrick Kane 40 1 2 2
2 Mike Cammalleri Chris Higgins Jonas Hoglund 30 1 2 2
3 Viktor Kozlov Hnat Domenichelli Sheldon Keefe 20 1 2 2
4 Anze Kopitar Ryan Malone Henrik Zetterberg 10 1 2 2
5 vs 5 Defense
Defense Defense Time % Phy DF OF
1 Eric Brewer Adrian Aucoin 40 1 2 2
2 Lubomir Visnovsky Jeff Schultz 30 1 2 2
3 Cory Sarich Marc-Édouard Vlasic 20 1 2 2
4 Luke Schenn Eric Brewer 10 1 2 2
PowerPlay Forward
Center Left Wing Right Wing Time % Phy DF OF
1 Anze Kopitar Henrik Zetterberg Patrick Kane 60 1 2 2
2 Mike Cammalleri Chris Higgins Jonas Hoglund 40 1 2 2
PowerPlay Defense
Defense Defense Time % Phy DF OF
1 Eric Brewer Adrian Aucoin 60 1 2 2
2 Lubomir Visnovsky Jeff Schultz 40 1 2 2
Penalty Kill 4 Players Forward
Center Wing Time % Phy DF OF
1 Anze Kopitar Henrik Zetterberg 60 1 2 2
2 Patrick Kane Mike Cammalleri 40 1 2 2
Penalty Kill 4 Players Defense
Defense Defense Time % Phy DF OF
1 Eric Brewer Adrian Aucoin 60 1 2 2
2 Lubomir Visnovsky Jeff Schultz 40 1 2 2
Penalty Kill - 3 Players Forward
Forward Time % Phy DF OF
1 Anze Kopitar 60 1 2 2
2 Henrik Zetterberg 40 1 2 2
Penalty Kill - 3 Players Defense
Defense Defense Time % Phy DF OF
1 Eric Brewer Adrian Aucoin 60 1 2 2
2 Lubomir Visnovsky Jeff Schultz 40 1 2 2
4 vs 4 Forward
Center Wing Time % Phy DF OF
1 Anze Kopitar Henrik Zetterberg 60 1 2 2
2 Patrick Kane Mike Cammalleri 40 1 2 2
4 vs 4 Defense
Defense Defense Time % Phy DF OF
1 Eric Brewer Adrian Aucoin 60 1 2 2
2 Lubomir Visnovsky Jeff Schultz 40 1 2 2
Last Minutes Offensive
Center Left Wing Right Wing Defense Defense
Anze Kopitar Henrik Zetterberg Patrick Kane Eric Brewer Adrian Aucoin
Last Minutes Defensive
Center Left Wing Right Wing Defense Defense
Anze Kopitar Henrik Zetterberg Patrick Kane Eric Brewer Adrian Aucoin
Goaltenders
Starting : Ondrej Pavelec
Backup : Nikolai Khabibulin
Extra Forwards
Normal : Viktor Kozlov, Hnat Domenichelli, Sheldon Keefe - PP : Viktor Kozlov, Hnat Domenichelli - PK : Sheldon Keefe
Extra Defensemen
Normal : Cory Sarich, Marc-Édouard Vlasic, Luke Schenn - PP : Cory Sarich - PK : Marc-Édouard Vlasic, Luke Schenn
Penalty Shots
Anze Kopitar, Henrik Zetterberg, Patrick Kane, Mike Cammalleri, Jonas Hoglund
Predators
5 vs 5 Forward
Center Left Wing Right Wing Time % Phy DF OF
1 Josef Vasicek Alexander Ovechkin Brad Boyes 40 0 2 2
2 Kris Vernarsky Alexander Steen Michael Grabner 30 1 2 2
3 Andy Miele Oleg Saprykin Georges Laraque 25 1 2 2
4 Andy Miele Oleg Saprykin Michael Grabner 5 1 2 2
5 vs 5 Defense
Defense Defense Time % Phy DF OF
1 Danny Richmond Alexander Edler 35 1 2 2
2 Ryan Mcdonagh Robyn Regehr 34 1 2 2
3 Barret Jackman Oliver Ekman-Larsson 20 1 2 2
4 Paul Mara Kent Huskins 11 1 2 2
PowerPlay Forward
Center Left Wing Right Wing Time % Phy DF OF
1 Josef Vasicek Alexander Ovechkin Michael Grabner 60 1 2 2
2 Kris Vernarsky Alexander Steen Brad Boyes 40 1 2 2
PowerPlay Defense
Defense Defense Time % Phy DF OF
1 Danny Richmond Alexander Edler 60 1 2 2
2 Ryan Mcdonagh Robyn Regehr 40 1 2 2
Penalty Kill 4 Players Forward
Center Wing Time % Phy DF OF
1 Alexander Ovechkin Georges Laraque 60 1 2 2
2 Josef Vasicek Oleg Saprykin 40 1 2 2
Penalty Kill 4 Players Defense
Defense Defense Time % Phy DF OF
1 Danny Richmond Alexander Edler 60 1 2 2
2 Ryan Mcdonagh Robyn Regehr 40 1 2 2
Penalty Kill - 3 Players Forward
Forward Time % Phy DF OF
1 Alexander Ovechkin 60 1 2 2
2 Georges Laraque 40 1 2 2
Penalty Kill - 3 Players Defense
Defense Defense Time % Phy DF OF
1 Danny Richmond Alexander Edler 60 1 2 2
2 Ryan Mcdonagh Robyn Regehr 40 1 2 2
4 vs 4 Forward
Center Wing Time % Phy DF OF
1 Alexander Ovechkin Georges Laraque 60 1 2 2
2 Oleg Saprykin Alexander Steen 40 1 2 2
4 vs 4 Defense
Defense Defense Time % Phy DF OF
1 Danny Richmond Alexander Edler 60 1 2 2
2 Ryan Mcdonagh Robyn Regehr 40 1 2 2
Last Minutes Offensive
Center Left Wing Right Wing Defense Defense
Josef Vasicek Alexander Ovechkin Michael Grabner Danny Richmond Alexander Edler
Last Minutes Defensive
Center Left Wing Right Wing Defense Defense
Josef Vasicek Alexander Ovechkin Georges Laraque Danny Richmond Alexander Edler
Goaltenders
Starting : Kari Lehtonen
Backup : Corey Crawford
Extra Forwards
Normal : Michael Grabner, Oleg Saprykin, Andy Miele - PP : Michael Grabner, Oleg Saprykin - PK : Andy Miele
Extra Defensemen
Normal : Barret Jackman, Kent Huskins, Paul Mara - PP : Barret Jackman - PK : Kent Huskins, Paul Mara
Penalty Shots
Alexander Ovechkin, Georges Laraque, Alexander Steen, Brad Boyes, Josef Vasicek
% Time on Ice - Kings
Lines # - Real PCT - Wanted PCT - Time Play
Normal Forward
1 - 27% - 40% - 13:21
2 - 36% - 30% - 17:21
3 - 25% - 20% - 12:03
4 - 12% - 10% - 6:04
Normal Defense
1 - 31% - 40% - 14:57
2 - 33% - 30% - 16:05
3 - 26% - 20% - 12:46
4 - 10% - 10% - 5:01
PP Forward
1 - 55% - 60% - 1:06
2 - 45% - 40% - 0:55
PP Defense
1 - 64% - 60% - 1:17
2 - 36% - 40% - 0:44
PK Forward
1 - 75% - 60% - 6:45
2 - 25% - 40% - 2:13
PK Defense
1 - 67% - 60% - 6:02
2 - 33% - 40% - 2:56
PK3 Forward
1 - 0% - 60%
2 - 0% - 40%
PK3 Defense
1 - 0% - 60%
2 - 0% - 40%
44 Forward
1 - 0% - 60%
2 - 0% - 40%
44 Defense
1 - 0% - 60%
2 - 0% - 40%
Last Minute Offensive - 0:12
Last Minute Defensive - 0:00
Total
Forward - 60:00
Defense - 60:00
|
% Time on Ice - Predators
Lines # - Real PCT - Wanted PCT - Time Play
Normal Forward
1 - 33% - 40% - 16:18
2 - 35% - 30% - 17:10
3 - 29% - 25% - 14:05
4 - 3% - 5% - 1:16
Normal Defense
1 - 32% - 35% - 15:27
2 - 30% - 34% - 14:40
3 - 22% - 20% - 10:47
4 - 16% - 11% - 7:55
PP Forward
1 - 55% - 60% - 4:57
2 - 45% - 40% - 4:01
PP Defense
1 - 58% - 60% - 5:14
2 - 42% - 40% - 3:44
PK Forward
1 - 100% - 60% - 2:01
2 - 0% - 40% - 0:00
PK Defense
1 - 47% - 60% - 0:57
2 - 53% - 40% - 1:04
PK3 Forward
1 - 0% - 60%
2 - 0% - 40%
PK3 Defense
1 - 0% - 60%
2 - 0% - 40%
44 Forward
1 - 0% - 60%
2 - 0% - 40%
44 Defense
1 - 0% - 60%
2 - 0% - 40%
Last Minute Offensive - 0:00
Last Minute Defensive - 0:12
Total
Forward - 60:00
Defense - 60:00
|
Play by Play
1st period
0:01 of 1st period - Anze Kopitar wins face-off versus Josef Vasicek in neutral zone.
0:37 of 1st period - Slapshot by Mike Cammalleri.
0:37 of 1st period - Shot Misses the Net.
0:39 of 1st period - Wrist shot by Jonas Hoglund.
0:39 of 1st period - Shot Misses the Net.
1:42 of 1st period - Minor Penalty to Chris Higgins for Slashing.
1:43 of 1st period - Anze Kopitar wins face-off versus Michael Grabner in Kings zone.
2:23 of 1st period - Anze Kopitar is hit by Brad Boyes and loses puck.
3:05 of 1st period - Snap shot by Kris Vernarsky.
3:05 of 1st period - Stopped by Ondrej Pavelec without a rebound.
3:06 of 1st period - Anze Kopitar wins face-off versus Josef Vasicek in Kings zone.
3:14 of 1st period - Off-side.
3:15 of 1st period - Josef Vasicek wins face-off versus Patrick Kane in neutral zone.
3:19 of 1st period - Off-side.
3:20 of 1st period - Patrick Kane wins face-off versus Josef Vasicek in neutral zone.
3:29 of 1st period - Slapshot by Alexander Edler.
3:29 of 1st period - Stopped by Ondrej Pavelec without a rebound.
3:30 of 1st period - Anze Kopitar wins face-off versus Josef Vasicek in Kings zone.
3:42 of 1st period - Penalty to Chris Higgins is over, Chris Higgins is back on ice.
4:13 of 1st period - Wrist shot by Alexander Ovechkin.
4:13 of 1st period - Shot Misses the Net.
4:15 of 1st period - Snap shot by Michael Grabner.
4:15 of 1st period - Shot Misses the Net.
4:39 of 1st period - Snap shot by Josef Vasicek.
4:39 of 1st period - Shot Misses the Net.
4:41 of 1st period - Slapshot by Danny Richmond.
4:41 of 1st period - Stopped by Ondrej Pavelec without a rebound.
4:42 of 1st period - Andy Miele wins face-off versus Viktor Kozlov in Kings zone.
4:45 of 1st period - Snap shot by Andy Miele.
4:45 of 1st period - Stopped by Ondrej Pavelec without a rebound.
4:46 of 1st period - Viktor Kozlov wins face-off versus Oleg Saprykin in Kings zone.
4:46 of 1st period - Viktor Kozlov is hit by Barret Jackman.
4:57 of 1st period - Slapshot by Andy Miele.
4:57 of 1st period - Shot Blocked by Jeff Schultz.
4:59 of 1st period - Snap shot by Oliver Ekman-Larsson.
4:59 of 1st period - Stopped by Ondrej Pavelec with a rebound.
5:01 of 1st period - Slapshot by Oleg Saprykin.
5:01 of 1st period - Stopped by Ondrej Pavelec with a rebound.
5:22 of 1st period - Icing by Barret Jackman.
5:23 of 1st period - Andy Miele wins face-off versus Viktor Kozlov in Predators zone.
5:50 of 1st period - Wrist shot by Jonas Hoglund.
5:50 of 1st period - Stopped by Kari Lehtonen without a rebound.
5:51 of 1st period - Josef Vasicek wins face-off versus Anze Kopitar in Predators zone.
5:53 of 1st period - Icing by Alexander Ovechkin.
5:54 of 1st period - Josef Vasicek wins face-off versus Anze Kopitar in Predators zone.
6:05 of 1st period - Wrist shot by Anze Kopitar.
6:05 of 1st period - Deflect By Robyn Regehr.
6:05 of 1st period - Shot Misses the Net.
6:05 of 1st period - Puck is out of play.
6:06 of 1st period - Mike Cammalleri wins face-off versus Alexander Steen in Predators zone.
6:09 of 1st period - Slapshot by Chris Higgins.
6:09 of 1st period - Stopped by Kari Lehtonen with a rebound.
6:19 of 1st period - Slapshot by Michael Grabner.
6:19 of 1st period - Stopped by Ondrej Pavelec without a rebound.
6:20 of 1st period - Josef Vasicek wins face-off versus Anze Kopitar in Kings zone.
6:21 of 1st period - Snap shot by Alexander Ovechkin.
6:21 of 1st period - Shot Misses the Net.
6:33 of 1st period - Snap shot by Patrick Kane.
6:33 of 1st period - Stopped by Kari Lehtonen without a rebound.
6:34 of 1st period - Kris Vernarsky wins face-off versus Mike Cammalleri in Predators zone.
6:49 of 1st period - Slapshot by Mike Cammalleri.
6:49 of 1st period - Shot Misses the Net.
7:10 of 1st period - Wrist shot by Oleg Saprykin.
7:10 of 1st period - Shot Misses the Net.
7:12 of 1st period - Slapshot by Danny Richmond.
7:12 of 1st period - Deflect By Patrick Kane.
7:12 of 1st period - Stopped by Ondrej Pavelec with a rebound.
7:14 of 1st period - Slapshot by Alexander Edler.
7:14 of 1st period - Stopped by Ondrej Pavelec without a rebound.
7:15 of 1st period - Anze Kopitar wins face-off versus Josef Vasicek in Kings zone.
7:15 of 1st period - Anze Kopitar is hit by Paul Mara.
7:42 of 1st period - Jeff Schultz is hit by Oleg Saprykin and loses puck.
8:07 of 1st period - Snap shot by Kris Vernarsky.
8:07 of 1st period - Shot Blocked by Jeff Schultz.
8:11 of 1st period - Snap shot by Alexander Steen.
8:11 of 1st period - Shot Misses the Net.
9:00 of 1st period - Alexander Steen is hit by Sheldon Keefe and loses puck.
9:09 of 1st period - Sheldon Keefe is hit by Michael Grabner.
10:51 of 1st period - Robyn Regehr is hit by Hnat Domenichelli and loses puck.
13:31 of 1st period - Oleg Saprykin is hit by Henrik Zetterberg and loses puck.
13:38 of 1st period - Minor Penalty to Paul Mara for Slashing.
13:39 of 1st period - Mike Cammalleri wins face-off versus Alexander Ovechkin in Predators zone.
13:40 of 1st period - Slapshot by Jonas Hoglund.
13:40 of 1st period - Deflect By Chris Higgins.
13:40 of 1st period - Goal by Chris Higgins - Kings : 1 - Predators : 0.
13:41 of 1st period - Anze Kopitar wins face-off versus Brad Boyes in neutral zone.
13:56 of 1st period - Slapshot by Anze Kopitar.
13:56 of 1st period - Stopped by Kari Lehtonen without a rebound.
13:57 of 1st period - Kris Vernarsky wins face-off versus Mike Cammalleri in Predators zone.
14:04 of 1st period - Slapshot by Alexander Edler.
14:04 of 1st period - Stopped by Ondrej Pavelec without a rebound.
14:05 of 1st period - Mike Cammalleri wins face-off versus Kris Vernarsky in Kings zone.
15:28 of 1st period - Double Minor Penalty to Chris Higgins for Roughing.
15:29 of 1st period - Josef Vasicek wins face-off versus Anze Kopitar in Kings zone.
15:30 of 1st period - Snap shot by Alexander Ovechkin.
15:30 of 1st period - Shot Misses the Net.
15:32 of 1st period - Slapshot by Josef Vasicek.
15:32 of 1st period - Shot Misses the Net.
15:34 of 1st period - Slapshot by Robyn Regehr.
15:34 of 1st period - Stopped by Ondrej Pavelec with a rebound.
15:36 of 1st period - Slapshot by Alexander Ovechkin.
15:36 of 1st period - Stopped by Ondrej Pavelec with a rebound.
15:38 of 1st period - Slapshot by Ryan Mcdonagh.
15:38 of 1st period - Shot Blocked by Eric Brewer.
15:40 of 1st period - Slapshot by Alexander Ovechkin.
15:40 of 1st period - Goal by Alexander Ovechkin - Kings : 1 - Predators : 1.
15:41 of 1st period - Josef Vasicek wins face-off versus Anze Kopitar in neutral zone.
17:19 of 1st period - Danny Richmond is hit by Adrian Aucoin and loses puck.
17:40 of 1st period - Penalty to Chris Higgins is over, Chris Higgins is back on ice.
17:48 of 1st period - Sheldon Keefe is hit by Andy Miele and loses puck.
17:55 of 1st period - Wrist shot by Viktor Kozlov.
17:55 of 1st period - Shot Blocked by Georges Laraque.
17:57 of 1st period - Wrist shot by Sheldon Keefe.
17:57 of 1st period - Shot Misses the Net.
18:30 of 1st period - Kent Huskins is hit by Patrick Kane and loses puck.
18:51 of 1st period - Alexander Steen is hit by Eric Brewer and loses puck.
Goals for this period are 1 for Kings vs 1 for Predators.
Shots for this period are 5 for Kings vs 13 for Predators.
2nd period
0:01 of 2nd period - Anze Kopitar wins face-off versus Josef Vasicek in neutral zone.
0:05 of 2nd period - Minor Penalty to Henrik Zetterberg for Goalie Interference.
0:06 of 2nd period - Anze Kopitar wins face-off versus Alexander Ovechkin in Kings zone.
0:21 of 2nd period - Slapshot by Adrian Aucoin.
0:21 of 2nd period - Stopped by Kari Lehtonen with a rebound.
0:36 of 2nd period - Slapshot by Alexander Steen.
0:36 of 2nd period - Deflect By Brad Boyes.
0:36 of 2nd period - Shot Misses the Net.
0:36 of 2nd period - Puck is out of play.
0:37 of 2nd period - Josef Vasicek wins face-off versus Anze Kopitar in Kings zone.
0:38 of 2nd period - Snap shot by Alexander Ovechkin.
0:38 of 2nd period - Stopped by Ondrej Pavelec without a rebound.
0:39 of 2nd period - Alexander Ovechkin wins face-off versus Anze Kopitar in Kings zone.
0:40 of 2nd period - Slapshot by Josef Vasicek.
0:40 of 2nd period - Shot Misses the Net.
0:42 of 2nd period - Wrist shot by Alexander Ovechkin.
0:42 of 2nd period - Goal by Alexander Ovechkin - Kings : 1 - Predators : 2.
0:43 of 2nd period - Anze Kopitar wins face-off versus Josef Vasicek in neutral zone.
0:46 of 2nd period - Alexander Ovechkin is hit by Patrick Kane and loses puck.
1:00 of 2nd period - Josef Vasicek is hit by Anze Kopitar and loses puck.
1:19 of 2nd period - Kris Vernarsky is hit by Jeff Schultz and loses puck.
1:28 of 2nd period - Chris Higgins is hit by Alexander Steen and loses puck.
1:58 of 2nd period - Off-side.
1:59 of 2nd period - Josef Vasicek wins face-off versus Anze Kopitar in neutral zone.
2:04 of 2nd period - Slapshot by Alexander Ovechkin.
2:04 of 2nd period - Shot Misses the Net.
3:18 of 2nd period - Snap shot by Henrik Zetterberg.
3:18 of 2nd period - Goal by Henrik Zetterberg - Kings : 2 - Predators : 2.
3:19 of 2nd period - Kris Vernarsky wins face-off versus Mike Cammalleri in neutral zone.
3:31 of 2nd period - Jonas Hoglund is hit by Alexander Steen and loses puck.
6:08 of 2nd period - Cory Sarich is hit by Oleg Saprykin.
6:21 of 2nd period - Icing by Ryan Malone.
6:22 of 2nd period - Viktor Kozlov wins face-off versus Andy Miele in Kings zone.
6:37 of 2nd period - Minor Penalty to Cory Sarich for Hooking.
6:38 of 2nd period - Anze Kopitar wins face-off versus Josef Vasicek in Kings zone.
6:38 of 2nd period - Anze Kopitar is hit by Alexander Ovechkin.
6:48 of 2nd period - Snap shot by Alexander Ovechkin.
6:48 of 2nd period - Shot Misses the Net.
6:50 of 2nd period - Snap shot by Alexander Edler.
6:50 of 2nd period - Goal by Alexander Edler - Kings : 2 - Predators : 3.
6:51 of 2nd period - Josef Vasicek wins face-off versus Anze Kopitar in neutral zone.
7:25 of 2nd period - Slapshot by Chris Higgins.
7:25 of 2nd period - Stopped by Kari Lehtonen with a rebound.
7:27 of 2nd period - Wrist shot by Jonas Hoglund.
7:27 of 2nd period - Stopped by Kari Lehtonen without a rebound.
7:28 of 2nd period - Patrick Kane wins face-off versus Andy Miele in Predators zone.
7:33 of 2nd period - Wrist shot by Henrik Zetterberg.
7:33 of 2nd period - Shot Blocked by Alexander Edler.
7:57 of 2nd period - Snap shot by Viktor Kozlov.
7:57 of 2nd period - Goal by Viktor Kozlov - Kings : 3 - Predators : 3.
7:58 of 2nd period - Josef Vasicek wins face-off versus Anze Kopitar in neutral zone.
8:25 of 2nd period - Michael Grabner is hit by Adrian Aucoin.
8:42 of 2nd period - Icing by Jonas Hoglund.
8:43 of 2nd period - Andy Miele wins face-off versus Viktor Kozlov in Kings zone.
8:48 of 2nd period - Slapshot by Alexander Edler.
8:48 of 2nd period - Shot Blocked by Eric Brewer.
9:01 of 2nd period - Icing by Andy Miele.
9:02 of 2nd period - Anze Kopitar wins face-off versus Oleg Saprykin in Predators zone.
9:09 of 2nd period - Slapshot by Alexander Edler.
9:09 of 2nd period - Stopped by Ondrej Pavelec with a rebound.
9:11 of 2nd period - Backhand shot by Danny Richmond.
9:11 of 2nd period - Shot Misses the Net.
9:24 of 2nd period - Minor Penalty to Patrick Kane for Cross-checking.
9:25 of 2nd period - Anze Kopitar wins face-off versus Michael Grabner in Kings zone.
9:53 of 2nd period - Eric Brewer is hit by Alexander Steen and loses puck.
10:37 of 2nd period - Icing by Josef Vasicek.
10:38 of 2nd period - Viktor Kozlov wins face-off versus Kris Vernarsky in Predators zone.
10:45 of 2nd period - Wrist shot by Alexander Steen.
10:45 of 2nd period - Shot Misses the Net.
10:47 of 2nd period - Wrist shot by Brad Boyes.
10:47 of 2nd period - Stopped by Ondrej Pavelec without a rebound.
10:48 of 2nd period - Anze Kopitar wins face-off versus Josef Vasicek in Kings zone.
11:01 of 2nd period - Slapshot by Alexander Edler.
11:01 of 2nd period - Shot Misses the Net.
11:03 of 2nd period - Wrist shot by Josef Vasicek.
11:03 of 2nd period - Stopped by Ondrej Pavelec with a rebound.
11:22 of 2nd period - Off-side.
11:23 of 2nd period - Josef Vasicek wins face-off versus Sheldon Keefe in neutral zone.
11:24 of 2nd period - Penalty to Patrick Kane is over, Patrick Kane is back on ice.
11:27 of 2nd period - Off-side.
11:28 of 2nd period - Josef Vasicek wins face-off versus Anze Kopitar in neutral zone.
11:55 of 2nd period - Snap shot by Chris Higgins.
11:55 of 2nd period - Stopped by Kari Lehtonen without a rebound.
11:56 of 2nd period - Mike Cammalleri wins face-off versus Oleg Saprykin in Predators zone.
12:11 of 2nd period - Mike Cammalleri is hit by Andy Miele and loses puck.
12:42 of 2nd period - Snap shot by Andy Miele.
12:42 of 2nd period - Stopped by Ondrej Pavelec without a rebound.
12:43 of 2nd period - Josef Vasicek wins face-off versus Anze Kopitar in Kings zone.
12:46 of 2nd period - Snap shot by Josef Vasicek.
12:46 of 2nd period - Deflect By Brad Boyes.
12:46 of 2nd period - Shot Misses the Net.
12:46 of 2nd period - Puck is out of play.
12:47 of 2nd period - Josef Vasicek wins face-off versus Anze Kopitar in Kings zone.
13:36 of 2nd period - Wrist shot by Georges Laraque.
13:36 of 2nd period - Deflect By Andy Miele.
13:36 of 2nd period - Shot Hit the Post.
13:36 of 2nd period - Puck is out of play.
13:37 of 2nd period - Andy Miele wins face-off versus Mike Cammalleri in Kings zone.
13:48 of 2nd period - Snap shot by Chris Higgins.
13:48 of 2nd period - Stopped by Kari Lehtonen with a rebound.
14:06 of 2nd period - Snap shot by Josef Vasicek.
14:06 of 2nd period - Stopped by Ondrej Pavelec with a rebound.
14:52 of 2nd period - Snap shot by Mike Cammalleri.
14:52 of 2nd period - Stopped by Kari Lehtonen with a rebound.
14:58 of 2nd period - Minor Penalty to Georges Laraque for Tripping.
14:59 of 2nd period - Anze Kopitar wins face-off versus Alexander Ovechkin in Predators zone.
15:06 of 2nd period - Slapshot by Patrick Kane.
15:06 of 2nd period - Shot Blocked by Alexander Ovechkin.
15:17 of 2nd period - Off-side.
15:18 of 2nd period - Alexander Ovechkin wins face-off versus Mike Cammalleri in neutral zone.
15:21 of 2nd period - Wrist shot by Danny Richmond.
15:21 of 2nd period - Shot Misses the Net.
15:43 of 2nd period - Snap shot by Anze Kopitar.
15:43 of 2nd period - Shot Misses the Net.
15:45 of 2nd period - Wrist shot by Anze Kopitar.
15:45 of 2nd period - Stopped by Kari Lehtonen without a rebound.
15:46 of 2nd period - Alexander Ovechkin wins face-off versus Anze Kopitar in Predators zone.
15:46 of 2nd period - Alexander Ovechkin is hit by Henrik Zetterberg.
16:45 of 2nd period - Robyn Regehr is hit by Anze Kopitar.
16:58 of 2nd period - Penalty to Georges Laraque is over, Georges Laraque is back on ice.
Goals for this period are 2 for Kings vs 2 for Predators.
Shots for this period are 9 for Kings vs 8 for Predators.
3rd period
0:01 of 3rd period - Anze Kopitar wins face-off versus Josef Vasicek in neutral zone.
0:22 of 3rd period - Minor Penalty to Henrik Zetterberg for Cross-checking.
0:23 of 3rd period - Anze Kopitar wins face-off versus Josef Vasicek in Kings zone.
0:38 of 3rd period - Snap shot by Anze Kopitar.
0:38 of 3rd period - Shot Misses the Net.
1:09 of 3rd period - Slapshot by Jeff Schultz.
1:09 of 3rd period - Stopped by Kari Lehtonen with a rebound.
2:22 of 3rd period - Penalty to Henrik Zetterberg is over, Henrik Zetterberg is back on ice.
3:11 of 3rd period - Oliver Ekman-Larsson is hit by Lubomir Visnovsky and loses puck.
3:48 of 3rd period - Kent Huskins is hit by Lubomir Visnovsky and loses puck.
4:06 of 3rd period - Icing by Robyn Regehr.
4:07 of 3rd period - Mike Cammalleri wins face-off versus Josef Vasicek in Predators zone.
4:22 of 3rd period - Eric Brewer is hit by Georges Laraque and loses puck.
5:01 of 3rd period - Barret Jackman is hit by Chris Higgins and loses puck.
6:00 of 3rd period - Josef Vasicek is hit by Patrick Kane and loses puck.
6:18 of 3rd period - Icing by Andy Miele.
6:19 of 3rd period - Mike Cammalleri wins face-off versus Andy Miele in Predators zone.
6:20 of 3rd period - Snap shot by Henrik Zetterberg.
6:20 of 3rd period - Shot Blocked by Oleg Saprykin.
9:27 of 3rd period - Michael Grabner is hit by Lubomir Visnovsky and loses puck.
11:37 of 3rd period - Andy Miele is hit by Adrian Aucoin and loses puck.
13:23 of 3rd period - Alexander Ovechkin is hit by Chris Higgins and loses puck.
17:01 of 3rd period - Marc-Édouard Vlasic is hit by Michael Grabner and loses puck.
18:42 of 3rd period - Slapshot by Paul Mara.
18:42 of 3rd period - Stopped by Ondrej Pavelec without a rebound.
18:43 of 3rd period - Andrew Ference wins face-off versus Mike Cammalleri in Kings zone.
18:46 of 3rd period - Slapshot by Brad Boyes.
18:46 of 3rd period - Deflect By Alexander Ovechkin.
18:46 of 3rd period - Stopped by Ondrej Pavelec without a rebound.
18:47 of 3rd period - Anze Kopitar wins face-off versus Kris Vernarsky in Kings zone.
18:49 of 3rd period - Icing by Jeff Schultz.
18:50 of 3rd period - Anze Kopitar wins face-off versus Michael Grabner in Kings zone.
18:50 of 3rd period - Anze Kopitar is hit by Kris Vernarsky.
18:56 of 3rd period - Snap shot by Kris Vernarsky.
18:56 of 3rd period - Shot Misses the Net.
19:31 of 3rd period - Off-side.
19:32 of 3rd period - Viktor Kozlov wins face-off versus Andy Miele in neutral zone.
19:45 of 3rd period - Snap shot by Ryan Mcdonagh.
19:45 of 3rd period - Stopped by Ondrej Pavelec with a rebound.
19:47 of 3rd period - Backhand shot by Georges Laraque.
19:47 of 3rd period - Goal by Georges Laraque - Kings : 3 - Predators : 4.
19:48 of 3rd period - Josef Vasicek wins face-off versus Anze Kopitar in neutral zone.
Goals for this period are 0 for Kings vs 1 for Predators.
Shots for this period are 1 for Kings vs 4 for Predators.
Output by the SimonT Hockey Simulator (STHS) for Pascal Landry -- Original Page W3C XHTML 1.0 Valid